 Dungeon Crawl Stone Soup version 0.27.1-1-g398f81649c (webtiles) character file.

Game seed: 5398559992054571688

300125 tzalcoatl the Warrior (level 20, -2/177 (179) HPs)
             Began as a White Draconian Conjurer on Sept 4, 2021.
             Was an Initiate of Gozag.
             Killed from afar by an ancient lich (60 damage)
             ... with a crystal spear
             ... on level 1 of the Vaults on Sept 7, 2021.
             The game lasted 08:43:00 (59066 turns).

tzalcoatl the Warrior (White Draconian Conjurer)   Turns: 59066, Time: 08:43:01

HP:   -2/177 (179)  AC: 25    Str: 16    XL:     20   Next: 16%
MP:   4/34          EV: 16    Int: 25    God:    Gozag
Gold: 4758          SH: 18    Dex: 14    Spells: 7/39 levels left

rFire    + . .     SeeInvis +   b - +9 rapier "Xyskaf" {vamp, rPois Will+}
rCold    + + +     Faith    .   J - +5 kite shield of Too Many Cooks {rC+++ Str+5 Dex-2 Slay+2}
rNeg     . . .     Spirit   .   (armour unavailable)
rPois    +         Reflect  .   y - +2 hat {SInv}
rElec    +         Harm     .   h - +2 cloak {rCorr}
rCorr    +         Rampage  .   V - +2 pair of gloves {Dex+3}
Will     +++..                  S - +2 pair of boots
Stlth    ++++++....             C - amulet of magic regeneration
HPRegen  0.39/turn              O - ring of protection from fire
MPRegen  0.49/turn              n - ring of Unihocw {rElec AC+4}

@: studying Conjurations, lightly drained
A: breathe frost, AC +10, unfitting armour, cold resistance 1, cold-blooded,
thin skeletal structure 1, camouflage 1, strong-willed 1, evolution 1, subdued
magic 1
}: 2/15 runes: decaying, serpentine
a: Breathe Frost, Renounce Religion, Potion Petition, Call Merchant, Bribe
Branch


You were on level 1 of the Vaults.
You worshipped Gozag.
Gozag was most pleased with you.
You visited 7 branches of the dungeon, and saw 33 of its levels.
You also visited: Gauntlet.

You collected 13073 gold pieces.
You spent 5837 gold pieces at shops.
You paid 2478 gold pieces to Gozag.

Inventory:

Hand Weapons
 b - the +9 rapier "Xyskaf" (weapon) {vamp, rPois Will+}
   (You bought it in a shop on level 2 of the Snake Pit)

   It occasionally heals its wielder for a portion of the damage dealt when it
   wounds a living foe.
   rPois:     It protects you from poison.
   Will:      It increases your willpower.
 c - the +7 hunting sling of Departure {speed, Int+3}
   (You found it on level 2 of the Lair of Beasts)

   Attacks with this weapon are significantly faster.
   Int:       It affects your intelligence (+3).
 U - the +1 short sword "Hydrabane" {flame, rN+}
   (You bought it in a shop on level 2 of the Orcish Mines)

   It burns those it strikes, dealing additional fire damage.
   rN:        It protects you from negative energy.
Missiles
 r - 3 throwing nets
 W - 135 sling bullets
Armour
 h - a +2 cloak of preservation (worn)
 y - a +2 hat of see invisible (worn)
 F - a scarf of resistance
 J - the +5 kite shield of Too Many Cooks (worn) {rC+++ Str+5 Dex-2 Slay+2}
   (You bought it in a shop on level 10 of the Dungeon)

   Str:       It affects your strength (+5).
   Dex:       It affects your dexterity (-2).
   Slay:      It affects your accuracy & damage with ranged weapons and melee
   (+2).
   rC:        It renders you almost immune to cold.
 S - a +2 pair of boots (worn)
 V - a +2 pair of gloves of dexterity (worn)
Magical Staves
 a - a staff of cold
Jewellery
 n - the ring of Unihocw (right hand) {rElec AC+4}
   (You bought it in a shop on level 2 of the Snake Pit)

   [ring of protection]

   AC:        It affects your AC (+4).
   rElec:     It insulates you from electricity.
 t - an amulet of reflection
 C - an amulet of magic regeneration (around neck)
 L - a ring of fire
 O - a ring of protection from fire (left hand)
 P - a ring of willpower
 R - a ring of ice
Wands
 e - a wand of charming (9)
 H - a wand of iceblast (42)
 K - a wand of acid (23) (quivered)
Scrolls
 g - a scroll of silence
 j - 2 scrolls of holy word
 k - 2 scrolls of summoning
 o - 5 scrolls of immolation
 p - 5 scrolls of blinking
 s - a scroll of identify
 z - 4 scrolls of fog
 A - 5 scrolls of magic mapping
 B - 17 scrolls of teleportation
 D - 6 scrolls of fear
 I - 3 scrolls of amnesia
Potions
 d - a potion of berserk rage
 f - 3 potions of invisibility
 i - a potion of ambrosia
 l - 6 potions of haste
 m - 5 potions of flight
 u - 19 potions of curing
 w - 3 potions of cancellation
 E - 2 potions of mutation
 G - 2 potions of resistance
 M - 4 potions of lignification
 N - 5 potions of magic
 Q - 2 potions of brilliance
 T - 3 potions of heal wounds
 Z - 5 potions of might
Miscellaneous
 q - a tin of tremorstones (2/2)
 v - a lightning rod (4/4)
 x - a phantom mirror
 X - a condenser vane


   Skills:
 * Level 15.4 Fighting
 - Level 8.0 Long Blades
 - Level 2.0(3.1) Maces & Flails
 - Level 3.7(4.0) Staves
 - Level 2.0 Slings
 - Level 10.0 Dodging
 - Level 9.0 Stealth
 - Level 15.0 Shields
 + Level 10.0 Spellcasting
 + Level 13.5 Conjurations
 - Level 6.0 Summonings
 - Level 15.3 Ice Magic
 - Level 10.0 Air Magic
 - Level 7.0 Evocations


You had 7 spell levels left.
You knew the following spells:

 Your Spells              Type           Power      Damage    Failure   Level
a - Searing Ray           Conj           100%       3d7       0%          2
b - Iskenderun's Battles  Conj           58%        2d11      1%          5
c - Summon Lightning Spi  Summ/Air       40%        N/A       1%          4
d - Ice Form              Ice/Tmut       39%        N/A       1%          4
e - Summon Ice Beast      Ice/Summ       50%        N/A       1%          4
f - Freezing Cloud        Conj/Ice/Air   28%        6-21      1%          5
s - Hailstorm             Conj/Ice       60%        3d13      1%          4
x - Swiftness             Air            48%        N/A       1%          3
z - Foxfire               Conj/Fire      100%       2x1d9     1%          1

Your spell library contained the following spells:

 Spells                   Type           Power      Damage    Failure   Level
 Magic Dart               Conj           100%       1d8       0%          1
 Corpse Rot               Necr/Air       N/A        N/A       1%          2
 Poisonous Vapours        Pois/Air       56%        N/A       1%          2
 Call Canine Familiar     Summ           32%        N/A       1%          3
 Conjure Flame            Conj/Fire      35%        6-21      1%          3
 Dazzling Flash           Conj/Hex       70%        N/A       1%          3
 Fulminant Prism          Conj/Hex       17%        3d11      2%          4
 Iskenderun's Mystic Bla  Conj/Tloc      35%        2d8       2%          4
 Sticky Flame             Conj/Fire      35%        2d5       2%          4
 Beastly Appendage        Tmut           18%        N/A       3%          1
 Conjure Ball Lightning   Conj/Air       26%        3x3d7     4%          6
 Passwall                 Tmut/Erth      7%         N/A       6%          2
 Slow                     Hex            9%         N/A       6%          2
 Sublimation of Blood     Necr           4%         N/A       6%          2
 Wereblood                Tmut           9%         N/A       6%          2
 Irradiate                Conj/Tmut      17%        3d19      7%          5
 Confusing Touch          Hex            9%         N/A       12%         3
 Ignite Poison            Fire/Tmut/Pois 9%         N/A       12%         3
 Portal Projectile        Hex/Tloc       18%        N/A       12%         3
 Spider Form              Tmut/Pois      4%         N/A       12%         3
 Tukima's Dance           Hex            9%         N/A       12%         3
 Vampiric Draining        Necr           4%         2d6       12%         3
 Silence                  Hex/Air        14%        N/A       14%         5
 Bolt of Magma            Conj/Fire/Erth 13%        4d8       19%         5
 Simulacrum               Ice/Necr       19%        N/A       28%         6
 Summon Mana Viper        Hex/Summ       21%        N/A       32%         5
 Animate Dead             Necr           4%         N/A       38%         4
 Leda's Liquefaction      Hex/Erth       4%         N/A       38%         4
 Passage of Golubria      Tloc           N/A        N/A       38%         4
 Petrify                  Tmut/Erth      9%         N/A       38%         4
 Blade Hands              Tmut           4%         N/A       77%         5
 Borgnjor's Vile Clutch   Necr/Erth      4%         N/A       77%         5
 Excruciating Wounds      Necr           4%         N/A       77%         5
 Yara's Violent Unravell  Hex/Tmut       4%         3d4       77%         5
 Monstrous Menagerie      Summ           16%        N/A       97%         7
 Storm Form               Tmut/Air       14%        N/A       99%         7
 Death Channel            Necr           4%         N/A       100%        6
 Dispersal                Tloc           4%         N/A       100%        6
 Invisibility             Hex            4%         N/A       100%        6
 Statue Form              Tmut/Erth      6%         N/A       100%        6
 Haunt                    Necr/Summ      10%        N/A       100%        7
 Maxwell's Capacitive Co  Air            24%        ∞         99%         8
 Discord                  Hex            4%         N/A       100%        8
 Disjunction              Tloc           4%         N/A       100%        8
 Infestation              Necr           4%         N/A       100%        8
 Lehudib's Crystal Spear  Conj/Erth      17%        10d5      100%        8


Dungeon Overview and Level Annotations

Branches:
Dungeon (15/15)            Temple (1/1) D:4            Lair (6/6) D:10
  Swamp (4/4) Lair:4        Snake (4/4) Lair:4        Slime (0/5) Lair:6
    Orc (2/2) D:11            Elf (0/3) Orc:2        Vaults (1/5) D:14
 Depths (0/5) D:15        Gauntlet (visited)

Altars:
Ashenzari
Cheibriados
Dithmenos
Elyvilon
Fedhas
Gozag
Hepliaklqana
Kikubaaqudgha
Makhleb
Nemelex Xobeh
Okawaru
Qazlal
Ru
Sif Muna
Trog
Uskayaw
Vehumet
Wu Jian
Xom
Yredelemnul
Zin
The Shining One
Beogh

Shops:
D:6 (   D:10 (*:?*   Orc:2 (!![(   Snake:2 ?([(*

Portals:
Abyss: Snake:1


Innate Abilities, Weirdness & Mutations

You can breathe waves of freezing cold which knock back foes.
Your icy white scales are hard. (AC +10)
You cannot fit into any form of body armour.
Your flesh is cold resistant. (rC+)
You are cold-blooded and may be slowed by cold attacks.
You have a somewhat thin skeletal structure. (Dex +2, Stealth+)
Your skin changes colour to match your surroundings (Stealth+).
You are strong-willed. (Will+)
You evolve.
Your spells are a little easier to cast, but a little less powerful.


Message History

The deep troll barely misses you. You block the deep troll's attack.
You hear a horrible gurgling sound!
Blink to where?
Press: ? - help, Dir - move target
Okay, then.
Unknown command.
Unknown command.
Blink to where?
Press: ? - help, Dir - move target
As you read the scroll of blinking, it crumbles to dust.
Casting: Searing Ray (safe; 0% risk of failure)
Confirm with . or Enter, or press ? or * to list all spells.
Aiming: Freezing Cloud (mildly dangerous; 1% risk of failure)
Press: ? - help, Dir - move target
Okay, then.
Things that are here:
a +0 arbalest; 22 bolts
Things that are here:
a +0 arbalest; 28 bolts
Casting: Freezing Cloud (mildly dangerous; 1% risk of failure)
Confirm with . or Enter, or press ? or * to list all spells.
Aiming: Freezing Cloud (mildly dangerous; 1% risk of failure)
Press: ? - help, Dir - move target
Things that are here:
a +0 great mace; a +0 chain mail
Aiming: Corrosive Bolt
Press: ? - help, Q - select action, (/) - cycle Shift-Dir - straight line, f - ancient lich
Aim: an ancient lich (freezing vapour, almost destroyed, fast, slightly transparent, 74% to hit)
The bolt of acid misses the ancient lich.
The ancient lich is engulfed in freezing vapours.
Aiming: Corrosive Bolt
Press: ? - help, Q - select action, (/) - cycle Shift-Dir - straight line, f/p - ancient lich
Aim: an ancient lich (freezing vapour, almost destroyed, fast, slightly transparent, 74% to hit)
The bolt of acid hits the ancient lich but does no damage.
The ancient lich is almost destroyed.
The ancient lich is no longer moving quickly.
The ancient lich points at you and mumbles some strange words.
The crystal spear hits you!!!
You die...
Your body crumbles into a pile of gold.

######### #......#.......#...#
........# #......#.......#...#
........# #......#.......##.##
........# #......#.......# ..
........# #......#.......# ...
........# #......'.......# ###
........# ########.......#
#######'###############+#########
.........)○§§§L.@................
.........).§§§...................
..........########...............
#####.....#......#...............
#...'.....#......#.#############.
'...#.....#......#.+...........#.
#'..#.....#......#.#...........#.
.####§....#......#.#...........#.
.'.##.T...#......'.#...........#.


You could see an ancient lich (invisible).

Vanquished Creatures
  Vashnia (Snake:3)
  Jorgrun (Orc:1)
  Rupert (Orc:1)
  A thorn hunter (Swamp:3)
  A shadow dragon (D:13)
  Roxanne (Swamp:2)
  An orc warlord (Orc:2)
  2 nagarajas (Snake:4)
  The ghost of Jozx the Nimble, an adept DjWz of Elyvilon (Swamp:1)
  A deep elf sorcerer (Vaults:1)
  Aizul (Snake:4)
  A vault warden (Vaults:1)
  The ghost of AttackTheMoon the Severer, a journeyman MiBe of Trog (Snake:1)
  Louise (Snake:1)
  A cacodemon (Snake:1)
  An ironbound preserver (Vaults:1)
  A war gargoyle (Vaults:1)
  A minotaur (Gauntlet)
  2 dire elephants
  8 bunyips
  A crystal guardian (Vaults:1)
  3 eleionomae (Swamp:3)
  A shambling mangrove (Swamp:4)
  A vault guard (Vaults:1)
  23 hydras
  7 naga warriors
  3 boulder beetles
  3 salamander tyrants
  2 peacekeepers (Vaults:1)
  An ironbound frostheart (Vaults:1)
  5 ogre magi
  A catoblepas (D:15)
  A merfolk avatar (Lair:6)
  6 centaur warriors
  7 anacondas
  6 alligators
  23 two-headed ogres
  A ghost crab (Swamp:2)
  9 death yaks
  An orc high priest (Orc:2)
  A tengu warrior (D:13)
  The ghost of bnorton916 the Jinx, a journeyman DECj of Gozag (D:11)
  A thrashing horror (Snake:1)
  2 ironbound beastmasters (Vaults:1)
  4 shock serpents
  14 naga sharpshooters
  3 spectral spriggans (Swamp:1)
  A wretched star (Snake:1)
  5 salamander mystics
  4 goliath frogs
  7 spriggan druids
  A glowing orange brain (Snake:1)
  A flayed ghost (D:13)
  The ghost of Daunt the Insei, a novice OpTm of Ashenzari (D:7)
  A deep troll (Vaults:1)
  2 bunyip zombies (Swamp:2)
  9 swamp dragons
  8 naga ritualists
  5 bog bodies
  3 wizards
  3 lindwurms
  A phantasmal warrior (D:13)
  2 fenstrider witch simulacra (Swamp:1)
  3 deep elf pyromancers
  An ironbound convoker (Vaults:1)
  A harpy (Lair:6)
  A necromancer (Swamp:2)
  4 cyclopes
  An orc knight (D:15)
  6 mana vipers
  An orc sorcerer (Orc:1)
  9 ugly things
  3 manticores
  6 will-o-the-wisps
  10 salamanders
  2 vault sentinels (Vaults:1)
  2 guardian serpents
  6 elephants
  23 black mambas
  A gargoyle (D:12)
  20 naga magi
  4 ice statues (D:14)
  11 komodo dragons
  Maggie (Lair:2)
  6 cane toads
  5 rime drakes
  3 yaktaurs (Vaults:1)
  2 polar bears
  12 trolls
  2 trolls (shapeshifter)
  A hornet (shapeshifter) (Gauntlet)
  2 hydra zombies (Swamp:2)
  12 blink frogs
  12 hornets
  14 slime creatures
  3 bloated husks
  5 tyrant leeches
  A wind drake (Lair:5)
  2 snapping turtles (Lair:6)
  A blink frog (shapeshifter) (D:13)
  An alligator zombie (Swamp:2)
  16 spriggans
  A vampire (D:13)
  4 wyverns
  A human (Snake:3)
  4 hogs (Snake:3)
  25 yaks
  3 wraiths
  4 basilisks
  Menkaure (D:4)
  2 steam dragons (Lair:6)
  8 vampire mosquitoes
  3 wargs
  The ghost of ZARRMARR the Insei, an amateur OpTm (D:4)
  15 swamp worms
  29 nagas
  An acid dragon (D:10)
  2 hydra simulacra (Swamp:2)
  A naga (shapeshifter) (D:12)
  A death drake simulacrum (Swamp:1)
  12 water moccasins
  12 orc warriors
  5 swamp drakes
  An ice dragon simulacrum (Gauntlet)
  A swamp dragon zombie (Swamp:2)
  3 spriggan simulacra (Swamp:1)
  2 necrophages
  13 ice beasts
  A tengu (shapeshifter) (Gauntlet)
  10 wolves
  29 ogres
  4 centaurs
  2 phantoms (D:5)
  A kobold brigand (D:8)
  9 bullfrogs
  2 gnoll sergeants
  A water moccasin zombie (D:6)
  A wyvern skeleton (D:6)
  A killer bee (D:10)
  15 wights
  A swamp dragon simulacrum (Swamp:2)
  4 howler monkeys
  2 centaur zombies
  2 bullfrog zombies
  A centaur skeleton (D:5)
  7 orc priests
  4 hounds
  8 jellies
  A gnoll shaman (D:6)
  3 bullfrog skeletons
  4 iguanas
  13 orc wizards
  A killer bee zombie (D:7)
  3 centaur simulacra
  A killer bee simulacrum (D:7)
  18 gnolls
  A howler monkey skeleton (D:5)
  8 adders
  4 shadow imps (Gauntlet)
  3 white imps
  A worm (D:3)
  4 dart slugs
  53 orcs
  6 ball pythons
  9 bats
  5 endoplasms
  4 giant cockroaches
  A goblin (shapeshifter) (Snake:1)
  6 hobgoblins
  12 jackals
  3 quokkas
  6 frilled lizards
  9 goblins
  15 kobolds
  6 rats
890 creatures vanquished.

Vanquished Creatures (collateral kills)
  Gastronok (D:11)
  Kirke (Snake:3)
  2 nagarajas
  A vault warden (Vaults:1)
  A dire elephant (Lair:6)
  A yaktaur captain (D:13)
  2 naga warriors
  3 hydras
  An ogre mage (Orc:2)
  A great orb of eyes (Vaults:1)
  A boulder beetle (D:12)
  A centaur warrior (Vaults:1)
  5 anacondas
  6 two-headed ogres
  2 death yaks
  2 alligators
  3 naga sharpshooters (Snake:3)
  5 shock serpents (Snake:1)
  A salamander mystic (Snake:1)
  3 swamp dragons (Swamp:4)
  2 deep trolls (Vaults:1)
  A goliath frog (Swamp:2)
  4 naga ritualists
  A lindwurm (Vaults:1)
  A phantasmal warrior (D:13)
  3 mana vipers
  4 ugly things
  An orc sorcerer (D:15)
  A will-o-the-wisp (Swamp:4)
  A moth of wrath (shapeshifter) (D:15)
  5 salamanders
  10 black mambas
  3 naga magi (Snake:4)
  An elephant (Lair:6)
  A cane toad (Lair:6)
  3 yaktaurs (Vaults:1)
  A rime drake (Lair:6)
  A komodo dragon (Lair:6)
  3 trolls
  A hornet (Swamp:3)
  7 slime creatures
  5 blink frogs (Lair:6)
  A snapping turtle (shapeshifter) (D:15)
  2 spriggans
  A vampire (D:13)
  A hog (shapeshifter) (D:13)
  3 yaks (Lair:6)
  A basilisk (Lair:6)
  A vampire mosquito (Swamp:1)
  A steam dragon (Lair:6)
  6 nagas
  3 swamp worms
  2 swamp drakes (Swamp:4)
  5 orc warriors
  An ice beast (D:14)
  3 ogres (Orc:2)
  A centaur (D:11)
  A howler monkey (D:11)
  2 orc wizards (D:11)
  5 orcs
143 creatures vanquished.

Vanquished Creatures (others)
  A bunyip (Swamp:4)
  A spriggan druid (Swamp:4)
  A deep elf pyromancer (D:14)
  2 bloated husks
  A hornet (Swamp:4)
  A yak (Lair:6)
  2 swamp worms
  614 foxfires
  46 fungi
  48 plants
717 creatures vanquished.

Grand Total: 1750 creatures vanquished

Notes
Turn   | Place    | Note
-------+----------+-------------------------------------------
     0 | D:1      | tzalcoatl the Draconian Conjurer began the quest for the
                  | Orb.
     0 | D:1      | Reached XP level 1. HP: 14/14 MP: 3/3
   215 | D:1      | You fall into a shaft and drop 1 floor!
   232 | D:2      | Reached XP level 2. HP: 22/22 MP: 0/5
   289 | D:2      | Learned a level 2 spell: Searing Ray
   400 | D:1      | Reached skill level 1 in Fighting
   523 | D:1      | Found a faded altar of an unknown god.
   641 | D:1      | Reached XP level 3. HP: 28/28 MP: 4/6
  1529 | D:2      | Reached XP level 4. HP: 36/36 MP: 5/8
  1700 | D:3      | Found a burning altar of Makhleb.
  1706 | D:3      | Found a broken altar of Ashenzari.
  1732 | D:3      | Found a shimmering altar of Xom.
  1872 | D:3      | Noticed a centaur
  1878 | D:3      | Killed a centaur
  1879 | D:3      | Reached XP level 5. HP: 22/41 MP: 0/9
  2919 | D:4      | Reached XP level 6. HP: 50/50 MP: 5/11
  2990 | D:4      | Found a transporter.
  3002 | D:4      | Noticed ZARRMARR's ghost (amateur OpTm)
  3007 | D:4      | Found a transporter.
  3147 | D:4      | Found a staircase to the Ecumenical Temple.
  3165 | Temple   | Entered the Ecumenical Temple
  3365 | Temple   | Became a worshipper of Gozag Ym Sagoz the Greedy
  3811 | D:4      | Your scales start taking on an icy white colour.
  3811 | D:4      | Reached XP level 7. HP: 57/57 MP: 6/13
  3811 | D:4      | Gained mutation: Your flesh is cold resistant. (rC+) [White
                  | Draconian growth]
  3939 | D:4      | Noticed Menkaure
  4158 | D:5      | Entered Level 5 of the Dungeon
  4434 | D:5      | Learned a level 4 spell: Hailstorm
  4439 | D:5      | Learned a level 4 spell: Ice Form
  4505 | D:5      | Reached skill level 1 in Maces & Flails
  4829 | D:5      | Found a faded altar of an unknown god.
  4829 | D:5      | Found a sparkling altar of Nemelex Xobeh.
  4856 | D:5      | Found a white marble altar of Elyvilon.
  4858 | D:5      | Found a shadowy altar of Dithmenos.
  4860 | D:5      | Found a glowing silver altar of Zin.
  4964 | D:5      | Reached skill level 5 in Dodging
  4964 | D:5      | Reached XP level 8. HP: 56/66 MP: 14/14
  5064 | D:5      | Reached skill level 1 in Ice Magic
  5418 | D:5      | Reached skill level 5 in Stealth
  5729 | D:5      | Reached skill level 5 in Conjurations
  6397 | D:6      | Found a radiant altar of Vehumet.
  6568 | D:6      | Found Ligoiblu's Antique Weapon Shoppe.
  6571 | D:6      | Bought a brightly glowing mace for 200 gold pieces
  6571 | D:6      | Identified the +2 mace of the Rat {elec, Will- Dex+8} (You
                  | bought it in a shop on level 6 of the Dungeon)
  6746 | D:6      | Reached XP level 9. HP: 73/73 MP: 10/15
  6848 | D:6      | Reached skill level 5 in Ice Magic
  7011 | D:6      | Reached skill level 5 in Fighting
  7373 | D:4      | Killed Menkaure
  7805 | D:4      | Killed ZARRMARR's ghost
  8020 | D:7      | Found a runed translucent gate.
  8020 | D:7      | Found a runed translucent gate.
  8020 | D:7      | Found a runed translucent gate.
  8439 | D:7      | Found an ancient bone altar of Kikubaaqudgha.
  8527 | D:7      | Noticed Daunt's ghost (novice OpTm)
  9049 | D:7      | Learned a level 3 spell: Swiftness
  9055 | D:7      | Reached skill level 1 in Shields
  9142 | D:7      | Killed Daunt's ghost
  9570 | D:8      | Reached XP level 10. HP: 83/84 MP: 16/16
 11291 | D:10     | Entered Level 10 of the Dungeon
 11639 | D:10     | Found Cavumuf's Mass Market.
 11668 | D:10     | Upgraded the game from 0.27.1 to 0.27.1-1-g398f81649c
 11683 | D:10     | Found a staircase to the Lair.
 12017 | D:10     | Reached skill level 1 in Air Magic
 12169 | D:10     | Noticed a two-headed ogre
 12182 | D:10     | Killed a two-headed ogre
 12183 | D:10     | Reached skill level 10 in Ice Magic
 12404 | D:10     | Found Betua's Book Shoppe.
 12406 | D:10     | Found Laema's Magic Scroll Shoppe.
 12406 | D:10     | Found Adujofil's Weapon Shoppe.
 12408 | D:10     | Found Furiabimn's General Store.
 12416 | D:10     | Bought a potion of attraction for 39 gold pieces
 12416 | D:10     | Bought a potion of brilliance for 52 gold pieces
 12420 | D:10     | Bought a scroll of identify for 30 gold pieces
 12420 | D:10     | Bought 3 scrolls of identify for 90 gold pieces
 12420 | D:10     | Bought a scroll of identify for 30 gold pieces
 12420 | D:10     | Bought a scroll of identify for 30 gold pieces
 12420 | D:10     | Bought a scroll of identify for 30 gold pieces
 12420 | D:10     | Bought a scroll of identify for 30 gold pieces
 12723 | Lair:1   | Entered Level 1 of the Lair of Beasts
 12732 | Lair:1   | Noticed a cane toad
 12745 | Lair:1   | Killed a cane toad
 12813 | Lair:1   | Found a gate leading to a gauntlet.
 12824 | Gauntlet | Entered a Gauntlet
 12824 | Gauntlet | Noticed a salamander
 12824 | Gauntlet | Found a transporter.
 12825 | Gauntlet | a salamander changed into a queen bee
 12830 | Gauntlet | Noticed a wizard
 12856 | Gauntlet | Found a transporter.
 12864 | Gauntlet | Noticed an orb spider
 12864 | Gauntlet | a human changed into an orb spider
 12866 | Gauntlet | an orb spider changed into a komodo dragon
 12867 | Gauntlet | Found a runed translucent door.
 12869 | Gauntlet | Found a transporter.
 12872 | Gauntlet | Found a transporter.
 12874 | Gauntlet | Noticed a gargoyle
 12880 | Gauntlet | Found a transporter.
 12883 | Gauntlet | Noticed a gargoyle
 12884 | Gauntlet | Found a transporter.
 12888 | Gauntlet | Noticed a catoblepas
 12894 | Gauntlet | Found a transporter.
 12908 | Gauntlet | Found a runed translucent gate.
 12909 | Gauntlet | Found a transporter.
 12909 | Gauntlet | Found a runed translucent gate.
 12910 | Gauntlet | Found a runed translucent gate.
 12923 | Gauntlet | Found a transporter.
 12927 | Gauntlet | Found a transporter.
 12931 | Gauntlet | Noticed a soul eater
 12935 | Gauntlet | Found a transporter.
 12939 | Gauntlet | Found a transporter.
 13701 | Gauntlet | Reached XP level 11. HP: 80/94 MP: 17/17
 13977 | Gauntlet | Noticed a minotaur
 13989 | Gauntlet | Killed a minotaur
 14232 | Lair:1   | Noticed a lindwurm
 14240 | Lair:1   | Killed a lindwurm
 15299 | Lair:2   | Identified the +7 hunting sling of Departure {speed, Int+3}
 15384 | D:10     | Bought 22 stones for 28 gold pieces
 15384 | D:10     | Bought a potion of curing for 39 gold pieces
 15384 | D:10     | Bought a ring of see invisible for 195 gold pieces
 15397 | D:10     | Bought 21 stones for 35 gold pieces
 15844 | Lair:2   | You fall into a shaft and drop 2 floors!
 15879 | Lair:4   | Noticed a death yak
 15879 | Lair:4   | Noticed a death yak
 15880 | Lair:4   | Noticed a death yak
 15880 | Lair:4   | Noticed a death yak
 15936 | Lair:4   | Found a staircase to the Swamp.
 16001 | Lair:4   | Reached skill level 1 in Slings
 16165 | Lair:4   | Noticed a death yak
 16166 | Lair:4   | Noticed a death yak
 16263 | Lair:4   | Reached XP level 12. HP: 103/103 MP: 17/24
 16302 | Lair:4   | Noticed a four-headed hydra
 16529 | Lair:4   | Identified the +2 short sword "Ruif" {antimagic, Fly rN++
                  | Str-2 Stlth+}
 16693 | Lair:2   | Reached skill level 1 in Long Blades
 16782 | Lair:2   | Reached skill level 5 in Air Magic
 16880 | Lair:2   | Noticed Maggie
 16897 | Lair:2   | Killed Maggie
 18196 | Lair:4   | Found a staircase to the Snake Pit.
 18852 | Lair:4   | Killed a four-headed hydra
 19007 | Lair:4   | Killed a death yak
 19018 | Lair:4   | Killed a death yak
 19019 | Lair:4   | Reached skill level 10 in Fighting
 19019 | Lair:4   | Reached XP level 13. HP: 53/113 MP: 12/26
 21100 | Lair:5   | Reached skill level 5 in Long Blades
 22481 | Lair:6   | Entered Level 6 of the Lair of Beasts
 22676 | Lair:6   | Found a staircase to the Slime Pits.
 23356 | D:10     | Bought Sif Muna's Grimoire of Creative Arcane Weapons for
                  | 510 gold pieces
 23359 | D:10     | Learned a level 1 spell: Foxfire
 23364 | D:10     | Learned a level 4 spell: Summon Ice Beast
 23576 | Lair:6   | Reached skill level 1 in Summonings
 23576 | Lair:6   | Reached skill level 1 in Evocations
 23583 | Lair:6   | Reached XP level 14. HP: 126/126 MP: 1/27
 26638 | D:11     | Learned a level 5 spell: Freezing Cloud
 27060 | D:11     | Found a shimmering altar of Xom.
 27230 | D:11     | Noticed Gastronok
 27255 | D:11     | Killed Gastronok
 27346 | D:11     | Found a staircase to the Orcish Mines.
 27501 | D:11     | Found a runed translucent gate.
 27502 | D:11     | Found a runed translucent gate.
 27503 | D:11     | Found a runed translucent gate.
 27505 | D:11     | Noticed bnorton916's ghost (journeyman DECj)
 27505 | D:11     | Identified the +12 plate armour of Jaxtamifu {Int+4}
 27522 | D:11     | Killed bnorton916's ghost
 28026 | D:12     | Reached XP level 15. HP: 132/132 MP: 22/28
 28027 | D:12     | Reached skill level 10 in Shields
 28027 | D:12     | Reached XP level 16. HP: 139/139 MP: 23/29
 28467 | D:12     | Reached skill level 5 in Summonings
 30699 | D:13     | Identified a scroll of acquirement
 30700 | D:13     | Acquired a +2 pair of gloves of dexterity
 30912 | D:13     | Noticed a shadow dragon
 31339 | D:13     | Learned a level 5 spell: Iskenderun's Battlesphere
 31480 | D:13     | Killed a shadow dragon
 32607 | D:14     | Found a gate to the Vaults.
 32795 | D:14     | Found a stormy altar of Qazlal.
 35061 | D:15     | Entered Level 15 of the Dungeon
 35080 | D:15     | Reached XP level 17. HP: 114/144 MP: 3/30
 36114 | D:15     | Found a shimmering altar of Xom.
 36428 | D:15     | Found a staircase to the Depths.
 36920 | Orc:1    | Entered Level 1 of the Orcish Mines
 37000 | D:10     | Bought the +5 kite shield of Too Many Cooks {rC+++ Str+5
                  | Dex-2 Slay+2} for 1120 gold pieces
 37366 | Orc:1    | Noticed Jorgrun
 37377 | Orc:1    | Killed Jorgrun
 37810 | Orc:2    | Entered Level 2 of the Orcish Mines
 37819 | Orc:2    | Noticed Rupert
 37951 | Orc:1    | Killed Rupert
 37952 | Orc:1    | Reached skill level 15 in Shields
 38734 | Orc:2    | Found a staircase to the Elven Halls.
 38761 | Orc:2    | Found Ikutz's Antique Weapon Emporium.
 38773 | Orc:2    | Bought a masterwork long sword for 314 gold pieces
 38773 | Orc:2    | Identified the +7 long sword "Xiddechu" {drain, rPois rC++
                  | rCorr Dex-2} (You bought it in a shop on level 2 of the
                  | Orcish Mines)
 39009 | Orc:2    | Found Diacoebb's Distillery.
 39009 | Orc:2    | Found Zocluath's Antique Armour Boutique.
 39009 | Orc:2    | Found Gedderph's Weapon Shop.
 39009 | Orc:2    | Found Pijohiev's Distillery.
 39018 | Orc:2    | Bought a potion of curing for 42 gold pieces
 39018 | Orc:2    | Bought a potion of curing for 42 gold pieces
 39018 | Orc:2    | Bought a potion of curing for 42 gold pieces
 39018 | Orc:2    | Bought a potion of lignification for 42 gold pieces
 39018 | Orc:2    | Bought a potion of heal wounds for 70 gold pieces
 39018 | Orc:2    | Bought a potion of might for 56 gold pieces
 39019 | Orc:2    | Bought a runed cloak for 225 gold pieces
 39020 | Orc:2    | Bought the +1 short sword "Hydrabane" {flame, rN+} for 280
                  | gold pieces
 39718 | Swamp:1  | Entered Level 1 of the Swamp
 39956 | Swamp:1  | Reached skill level 15 in Ice Magic
 40307 | Swamp:1  | Reached skill level 1 in Staves
 40747 | Swamp:1  | Found a runed translucent gate.
 40747 | Swamp:1  | Found a runed translucent gate.
 40747 | Swamp:1  | Found a runed translucent gate.
 40748 | Swamp:1  | Noticed Jozx's ghost (adept DjWz)
 41138 | Swamp:1  | Killed Jozx's ghost
 41485 | Swamp:2  | Identified the ring of Otom {rC+ Str+6 Dex+6}
 41498 | Swamp:2  | Noticed Roxanne
 41537 | Swamp:2  | Killed Roxanne
 41649 | Swamp:2  | Reached XP level 18. HP: 126/154 MP: 4/31
 41878 | Swamp:2  | Reached skill level 10 in Conjurations
 44063 | D:10     | Bought a book of the Sky for 660 gold pieces
 44068 | D:10     | Learned a level 4 spell: Summon Lightning Spire
 44243 | Swamp:3  | Paralysed by a hornet for 1 turns
 45668 | Swamp:4  | Entered Level 4 of the Swamp
 47136 | Swamp:4  | Got a decaying rune of Zot
 47575 | Swamp:4  | Identified the +5 ring mail of Filth {rN+++ rCorr Str-3
                  | Dex-4}
 47814 | Snake:1  | Entered Level 1 of the Snake Pit
 48204 | Snake:1  | Found a shimmering altar of Xom.
 48269 | Snake:1  | Reached skill level 10 in Dodging
 48274 | Snake:1  | Reached skill level 10 in Air Magic
 48847 | Snake:1  | Found a one-way gate to the infinite horrors of the Abyss.
 48856 | Snake:1  | Found a transporter.
 48856 | Snake:1  | Noticed AttackTheMoon's ghost (journeyman MiBe)
 48895 | Snake:1  | Found a transporter.
 49238 | Snake:1  | Noticed Louise
 49265 | Snake:1  | Killed Louise
 49556 | Snake:2  | Found Vipnoim's Antique Weapon Shoppe.
 49559 | Snake:2  | Found Raurig's Assorted Antiques.
 49559 | Snake:2  | Found Hiwk's Weapon Emporium.
 49563 | Snake:2  | Found Iruys's Armour Emporium.
 49583 | Snake:2  | Bought a scroll of blinking for 135 gold pieces
 49583 | Snake:2  | Bought a potion of mutation for 144 gold pieces
 49583 | Snake:2  | Bought a faintly glowing wooden ring for 90 gold pieces
 49583 | Snake:2  | Identified the ring of Unihocw {rElec AC+4} (You bought it
                  | in a shop on level 2 of the Snake Pit)
 49583 | Snake:2  | Bought a potion of curing for 54 gold pieces
 49608 | Snake:2  | Bought the +9 rapier "Xyskaf" {vamp, rPois Will+} for 1033
                  | gold pieces
 49702 | Snake:2  | Reached XP level 19. HP: 153/160 MP: 21/32
 50158 | Snake:2  | Found Cifi's Magic Scroll Shoppe.
 50168 | Snake:2  | Bought a scroll of enchant armour for 75 gold pieces
 50168 | Snake:2  | Bought a scroll of blinking for 75 gold pieces
 50803 | Snake:2  | Reached skill level 5 in Evocations
 51067 | Snake:3  | Found a white marble altar of Elyvilon.
 52611 | Snake:3  | Noticed Vashnia
 52843 | Snake:3  | Killed Vashnia
 53429 | Snake:3  | Noticed Kirke
 53438 | Snake:3  | Killed Kirke
 54326 | Snake:1  | Gained mutation: You sometimes lose the ability to read
                  | scrolls when taking damage. [a cacodemon]
 54332 | Snake:1  | Gained mutation: Potions are less effective at restoring
                  | your health. [a cacodemon]
 54333 | Snake:1  | Gained mutation: You are clumsy. (Dex -2) [a cacodemon]
 54480 | Snake:1  | Killed AttackTheMoon's ghost
 55020 | Snake:4  | Entered Level 4 of the Snake Pit
 55021 | Snake:4  | Lost mutation: Potions are less effective at restoring your
                  | health. [potion of mutation]
 55021 | Snake:4  | Lost mutation: You are clumsy. (Dex -2) [potion of
                  | mutation]
 55021 | Snake:4  | Lost mutation: You sometimes lose the ability to read
                  | scrolls when taking damage. [potion of mutation]
 55021 | Snake:4  | Gained mutation: You sometimes lose the ability to read
                  | scrolls when taking damage. [potion of mutation]
 55021 | Snake:4  | Gained mutation: You are strong-willed. (Will+) [potion of
                  | mutation]
 55021 | Snake:4  | Gained mutation: You are partially covered in large bone
                  | plates. (SH +4) [potion of mutation]
 55022 | Snake:4  | Lost mutation: You are strong-willed. (Will+) [potion of
                  | mutation]
 55022 | Snake:4  | Gained mutation: You possess an exceptional clarity of
                  | mind. [potion of mutation]
 55022 | Snake:4  | Gained mutation: You have a somewhat thin skeletal
                  | structure. (Dex +2, Stealth+) [potion of mutation]
 55022 | Snake:4  | Gained mutation: Your skin changes colour to match your
                  | surroundings (Stealth+). [potion of mutation]
 55023 | Snake:4  | Lost mutation: You sometimes lose the ability to read
                  | scrolls when taking damage. [potion of mutation]
 55023 | Snake:4  | Lost mutation: You possess an exceptional clarity of mind.
                  | [potion of mutation]
 55023 | Snake:4  | Lost mutation: You are partially covered in large bone
                  | plates. (SH +4) [potion of mutation]
 55023 | Snake:4  | Gained mutation: Your body sometimes deteriorates upon
                  | taking damage. [potion of mutation]
 55023 | Snake:4  | Gained mutation: Your body often deteriorates upon taking
                  | damage. [potion of mutation]
 55023 | Snake:4  | Gained mutation: You are agile. (Dex +2) [potion of
                  | mutation]
 55023 | Snake:4  | Gained mutation: Your tail ends in a poisonous barb.
                  | [potion of mutation]
 55024 | Snake:4  | Lost mutation: Your tail ends in a poisonous barb. [potion
                  | of mutation]
 55024 | Snake:4  | Lost mutation: Your body often deteriorates upon taking
                  | damage. [potion of mutation]
 55024 | Snake:4  | Lost mutation: You are agile. (Dex +2) [potion of mutation]
 55024 | Snake:4  | Gained mutation: Your spells are a little easier to cast,
                  | but a little less powerful. [potion of mutation]
 55024 | Snake:4  | Lost mutation: Your body sometimes deteriorates upon taking
                  | damage. [potion of mutation]
 55024 | Snake:4  | Gained mutation: You evolve. [potion of mutation]
 55024 | Snake:4  | Gained mutation: You are strong-willed. (Will+) [potion of
                  | mutation]
 55117 | Snake:4  | Noticed Aizul
 55130 | Snake:4  | Killed Aizul
 56916 | Snake:4  | Got a serpentine rune of Zot
 58095 | Vaults:1 | Entered Level 1 of the Vaults
 58233 | Vaults:1 | Reached skill level 15 in Fighting
 58499 | Vaults:1 | Reached XP level 20. HP: 178/178 MP: 18/33
 59032 | Vaults:1 | Noticed an ancient lich
 59039 | Vaults:1 | Reached skill level 10 in Spellcasting
 59066 | Vaults:1 | Killed from afar by an ancient lich

Illustrated notes

Levels and vault maps discovered:
D:1:      grunt_arrival_crossed_arrows, layout_rooms,
          shapermc_ecumenical_altar_pompeii, minmay_tromino_v4_a
D:2:      layout_rooms
D:3:      layout_basic, minitemple, minmay_misc_feat_x,
          ebering_dispersal_statue_hall, minmay_joined_circles
D:4:      layout_cave_pools, minmay_temple_entry_junction, portal_sewer_entry_e,
          gammafunk_ghost_arena, uniq_menkaure
D:5:      layout_rooms, chequers_temple_overflow_minitemple,
          corexii_leaking_fountain, minmay_increasing_density
D:6:      layout_gridville, overflow_temple_1_default, serial_shops,
          nicolae_shop_behind_doors
D:7:      layout_cave_pools, nicolae_kikubaaqudgha_miasma_corner,
          gammafunk_ghost_icy, chequers_garden
D:8:      layout_basic
D:9:      layout_basic
D:10:     layout_basic, lair_entry_dummy, hangedman_decor_push, nrook_uturn,
          minmay_shop_mass, minmay_shop_grid_forest, minivault_19,
          kennysheep_small_circle
D:11:     layout_irregular_city, orc_0_dummy, biasface_ghost_orc_armoury,
          xom_teletrap_fun, uniq_gastronok
D:12:     layout_roguey, serial_corexii_hall, corexii_hall_statues_x,
          chequers_hall_statues_corner_a, chequers_hall_statues_wall_a,
          chequers_hall_statues_wall_a
D:13:     nzn_winding_woodlands_large [nzn_winding_woodlands_5x5_cross,
          nzn_winding_woodlands_5x15_sawtooth,
          nzn_winding_woodlands_5x5_closed_star,
          nzn_winding_woodlands_center_diamonds,
          nzn_winding_woodlands_15x15_boxy_spiral,
          nzn_winding_woodlands_center_lodge, nzn_winding_woodlands_5x5_three,
          nzn_winding_woodlands_5x15_garden, nzn_winding_woodlands_hourglass],
          layout_basic
D:14:     minmay_ice_pillars, layout_loops_ring, david_vaults_1,
          nicolae_qazlal_scattered_showers
D:15:     hangedman_depths_entry_try_elsewhere_first, layout_small_grid,
          old_standard_altar
Temple:   nicolae_temple_figure_eight
Lair:1:   layout_misc_corridors, gauntlet_entry_generic,
          nicolae_volcano_entry_vermiform, grunt_forest_small_clearings,
          lemuel_fruit_fields
Lair:2:   layout_long_grid, serial_forest, infiniplex_forest_corner_2,
          infiniplex_forest_end_1, infiniplex_forest_straight_3,
          infiniplex_forest_lined_3_way, infiniplex_forest_lined_room_3,
          infiniplex_forest_lined_3, infiniplex_forest_lined_corner, uniq_maggie
Lair:3:   layout_regular_city
Lair:4:   layout_cave_pods, minmay_swamp_entry_reptiles,
          guppyfry_snake_entry_island, lemuel_fruit_fields
Lair:5:   layout_cave_pods
Lair:6:   gammafunk_lair_ancient_temple, layout_layer_cave,
          nicolae_slime_entry_slimehenge
Swamp:1:  layout_falls_marsh, gammafunk_ghost_necromancy,
          nicolae_swamp_big_swirl, swamp_pool1
Swamp:2:  layout_falls_marsh, evilmike_swamp_ruin_rubble_1,
          nicolae_swamp_necromancer_hut, uniq_roxanne
Swamp:3:  layout_falls_marsh, hangedman_swamp_blocks, swamp_pool4,
          nicolae_swamp_no_escape
Swamp:4:  swamp_alternative, layout_basic_swamp
Snake:1:  layout_gridlike, basic_altar, gammafunk_ghost_abyssal_escape,
          uniq_louise
Snake:2:  layout_onion, serial_shops, nicolae_diamond_shop, minmay_shoptagon,
          grunt_megastairs_3
Snake:3:  layout_layer_cave, basic_altar, st_stairs_10, serial_bayou_shore_b,
          grunt_megastairs_5, uniq_kirke, uniq_vashnia
Snake:4:  snake_pit, layout_chambers, uniq_aizul
Orc:1:    layout_caves, mines_bat_river, uniq_jorgrun
Orc:2:    st_orc_ogre_mass, layout_caves, serial_shops, nicolae_diamond_shop,
          uniq_rupert
Vaults:1: v_pattern_5, nicolae_vaults_network_quinsquares
          [nicolae_vaults_network_quincunx_subvault,
          nicolae_vaults_network_quincunx_subvault,
          nicolae_vaults_network_quincunx_subvault,
          nicolae_vaults_network_quincunx_subvault],
          nicolae_vaults_little_squares_2, grunt_vaults_swirl,
          nicolae_vaults_alarming, v_misc_27, nicolae_vaults_angled_halls,
          ontoclasm_vaults_decontamination, st_more_cells,
          ontoclasm_vaults_loading_screen, layout_vaults_omnibox

Skill      XL: |  1  2  3  4  5  6  7  8  9 10 11 12 13 14 15 16 17 18 19 20 |
---------------+-------------------------------------------------------------+-----
Dodging        | 2 3 5 6 10 | 10.0
Stealth        | 2 3 4 5 6 7 9 |  9.0
Fighting       | 1 2 3 4 6 7 8 10 12 15 | 15.4
Spellcasting   | 3 4 8 9 10 | 10.0
Maces & Flails | 2 |  2.0
Ice Magic      | 4 8 10 11 13 14 15 | 15.3
Conjurations   | 5 6 8 9 11 13 | 13.5
Shields        | 3 4 8 10 13 15 | 15.0
Air Magic      | 2 4 5 7 10 | 10.0
Slings         | 1 2 |  2.0
Long Blades    | 3 8 |  8.0
Summonings     | 1 4 6 |  6.0
Evocations     | 1 4 7 |  7.0
Staves         | 3 |  3.7

Action                   |  1- 3 |  4- 6 |  7- 9 | 10-12 | 13-15 | 16-18 | 19-21 || total
-------------------------+-------+-------+-------+-------+-------+-------+-------++-------
Melee: Unarmed           |     6 |       |       |       |       |    45 |       ||    51
       Club              |     2 |       |       |       |       |       |       ||     2
       Dagger            |    10 |    16 |    99 |       |       |       |       ||   125
       Whip              |     2 |    14 |   126 |    21 |       |       |       ||   163
       Tailslap          |       |       |    20 |    22 |    40 |    57 |    31 ||   170
       Mace              |       |       |    32 |    40 |       |       |       ||    72
       Rapier            |       |       |       |    10 |       |       |   149 ||   159
       Scimitar          |       |       |       |    82 |   269 |   154 |       ||   505
       Staff             |       |       |       |       |       |    72 |    85 ||   157
       Long sword        |       |       |       |       |       |    83 |       ||    83
 Fire: Hunting sling     |       |       |       |   119 |   261 |   245 |     7 ||   632
Throw: Dart              |       |       |       |     9 |     4 |       |       ||    13
       Throwing net      |       |       |       |     1 |       |       |       ||     1
       Stone             |       |       |       |       |       |     4 |       ||     4
 Cast: Magic Dart        |    67 |    31 |    75 |    20 |       |       |       ||   193
       Searing Ray       |     2 |    20 |    44 |    58 |    21 |    49 |     7 ||   201
       Hailstorm         |       |       |     4 |    20 |    38 |    22 |    10 ||    94
       Ice Form          |       |       |       |     1 |       |     4 |     1 ||     6
       Swiftness         |       |       |       |     2 |     4 |     4 |     5 ||    15
       Summon Ice Beast  |       |       |       |       |    66 |   147 |    93 ||   306
       Freezing Cloud    |       |       |       |       |     5 |   208 |   127 ||   340
       Foxfire           |       |       |       |       |       |   273 |    66 ||   339
       Iskenderun's Batt |       |       |       |       |       |    70 |    20 ||    90
       Summon Lightning  |       |       |       |       |       |    12 |    38 ||    50
Invok: Potion Petition   |       |       |       |     1 |       |     4 |     2 ||     7
 Abil: Breathe Frost     |       |       |    13 |    25 |    16 |    12 |     5 ||    71
Evoke: Wand              |       |       |       |     1 |       |    10 |    17 ||    28
       Phantom mirror    |       |       |       |       |       |     1 |       ||     1
       Tin of tremorston |       |       |       |       |       |     2 |       ||     2
       Lightning rod     |       |       |       |       |       |       |     3 ||     3
  Use: Scroll            |       |     6 |     4 |    18 |     5 |     3 |     5 ||    41
       Potion            |       |       |     2 |     3 |     2 |     5 |     5 ||    17
 Stab: Sleeping          |       |     1 |     1 |     1 |     2 |     2 |     3 ||    10
       Invisible         |       |       |     1 |       |       |     2 |       ||     3
       Distracted        |       |       |     1 |       |       |     9 |     4 ||    14
Armor: Skin              |     7 |    14 |   121 |    66 |    92 |   208 |   135 ||   643
Dodge: Dodged            |    14 |    35 |   193 |   118 |   130 |   279 |   112 ||   881
Block: Other             |       |     8 |    71 |     8 |       |       |       ||    87
       Reflection        |       |       |     5 |     3 |     3 |       |     2 ||    13
       Buckler           |       |       |       |   127 |   168 |    64 |       ||   359
       Kite shield       |       |       |       |       |       |   365 |   264 ||   629
       Rpst.: Scimitar   |       |       |       |    10 |    32 |     8 |       ||    50
       Long sword        |       |       |       |       |       |     9 |       ||     9
